 Dungeon Crawl Stone Soup version 0.30-a0-1008-g30c9307041 (webtiles) character file.

Game seed: 5279029024904996927

226 DeathPants the Chopper (level 6, -1/32 HPs)
             Began as a Vine Stalker Gladiator on Apr 5, 2023.
             Slain by a gnoll
             ... wielding a +0 spear
              (2 damage)
             ... on level 3 of the Dungeon.
             The game lasted 00:07:32 (1694 turns).

DeathPants the Chopper (Vine Stalker Gladiator)     Turns: 1694, Time: 00:07:33

Health: -1/32      AC:  8    Str: 16    XL:     6   Next: 1%
Magic:  0/7        EV:  6    Int: 10    God:
Gold:   237        SH:  0    Dex: 16    Spells: 5/5 levels left

rFire   . . .      SeeInvis .    a - +0 war axe
rCold   . . .      Faith    .    (no shield)
rNeg    . . .      Spirit   +    b - +0 leather armour
rPois   .          Reflect  .    c - +0 helmet
rElec   .          Rampage  .    (no cloak)
rCorr   .                        (no gloves)
Will    .....                    (no boots)
Stlth   +                        (no amulet)
HPRegen 1.05/turn                m - +4 ring of protection
MPRegen 0.10/turn                (no ring)

@: lethally poisoned (-1 -> -22), held
A: fangs 2, regeneration 1, magic shield, antimagic bite, no potion heal 2
a: no special abilities


You were on level 3 of the Dungeon.
You visited 1 branch of the dungeon, and saw 4 of its levels.

You collected 237 gold pieces.

Inventory:

Hand Weapons
 a - a +0 war axe (weapon)
Missiles
 d - 3 throwing nets (quivered)
 e - a javelin
 i - 2 poisoned darts
 n - 5 boomerangs
Armour
 b - a +0 leather armour (worn)
 c - a +0 helmet (worn)
Jewellery
 m - a +4 ring of protection (left hand)
Scrolls
 f - 2 scrolls of magic mapping {unknown}
 g - 4 scrolls of identify {unknown}
 j - a scroll of enchant weapon {unknown}
 k - a scroll of fog {unknown}
 l - a scroll of vulnerability {unknown}
 o - a scroll of teleportation {unknown}
 p - a scroll of blinking {unknown}
 s - a scroll of amnesia {unknown}
Potions
 h - a potion of brilliance {unknown}
 q - a potion of heal wounds {unknown}
 r - a potion of ambrosia {unknown}
 t - a potion of invisibility {unknown}


   Skills:
 + Level 3.3 Fighting
 * Level 5.0 Axes
 - Level 1.7 Throwing
 + Level 0.7 Armour
 - Level 2.4 Dodging


You had 5 spell levels left.
You didn't know any spells.
Your spell library contained the following spells:

 Spells                   Type           Power      Damage    Failure   Level
 Lesser Beckoning         Tloc           0%         N/A       56%         2
 Gell's Gravitas          Tloc           0%         N/A       80%         3
 Teleport Other           Tloc           0%         N/A       80%         3


Dungeon Overview and Level Annotations

Branches:
Dungeon (4/15)
 Temple: D:4-7

Altars:

Shops:
D:1 :!((   D:3 *:[


Innate Abilities, Weirdness & Mutations

You have extremely sharp teeth.
Your natural rate of healing is unusually fast.
When hurt, damage is shared between your health and your magic reserves.
Your bite disrupts and absorbs the magic of your enemies.
Potions cannot restore your health.


Message History

You slash the jackal!
You kill the jackal!
The gnoll barely misses you. The gnoll hits you but does no damage.
Things that are here:
a jackal corpse; a jackal corpse You slash the gnoll!
Your bite misses the gnoll.
The gnoll is severely wounded.
The gnoll hits you with a +0 flail. The gnoll closely misses you.
You hit the gnoll but do no damage. Your bite misses the gnoll.
The gnoll is severely wounded.
The gnoll closely misses you.
The gnoll hits you from afar with a +0 spear.
You hit the gnoll but do no damage.
The gnoll is severely wounded.
The gnoll hits you but does no damage. The gnoll misses you.
You slash the gnoll!
You kill the gnoll!
The gnoll throws a throwing net.
The throwing net hits you.
You become entangled in the net!
The gnoll hits you with a +3 flail of venom.
You are poisoned.
The gnoll completely misses you.
Your Axes skill increases to level 5!
You have reached level 6!
You struggle against the net.
You feel very sick. The gnoll hits you but does no damage.
The gnoll hits you with a +3 flail of venom.
You are more poisoned.
You struggle against the net.
You feel very sick. The gnoll barely misses you.
The gnoll hits you with a +3 flail of venom!
* * * LOW HITPOINT WARNING * * *
You are more poisoned.
You struggle against the net.
* * * LOW HITPOINT WARNING * * *
You feel extremely sick.
The gnoll hits you from afar with a +0 spear.
You die...

.. #.....# #..........
#. #.....# #....#.....
.#..#.....# #..........
... ......####..........
##..##...........##.....
.................##.#...
....g...g.###...........
###.###g### ##...####...
# #@# ##...####...
##.#####...........
#................#.
#..#####...#.###.#.
##..#####...#.###.#.
#...................
#..####†#...#####.##
.......)....#####.##
##.......#.#+#.......


You could see 2 gnolls.

Vanquished Creatures
  A hound (D:3)
  2 iguanas
  5 adders
  3 gnolls (D:3)
  A worm (D:3)
  2 dart slugs (D:1)
  8 ball pythons
  2 bats (D:2)
  6 endoplasms
  2 giant cockroaches (D:1)
  10 goblins
  8 hobgoblins
  4 jackals (D:3)
  A quokka (D:2)
  A frilled lizard (D:1)
  2 kobolds
  5 rats
63 creatures vanquished.

Vanquished Creatures (others)
  11 plants (D:3)
11 creatures vanquished.

Grand Total: 74 creatures vanquished

Notes
Turn   | Place    | Note
-------+----------+-------------------------------------------
     0 | D:1      | DeathPants the Vine Stalker Gladiator began the quest for
                  | the Orb.
     0 | D:1      | Reached XP level 1. HP: 11/11 MP: 2/2
    37 | D:1      | Found Ogi Upog's Weapon Boutique.
    72 | D:1      | Found a faded altar of an unknown god.
    79 | D:1      | Reached skill level 3 in Axes
    80 | D:1      | Reached XP level 2. HP: 12/15 MP: 3/3
   127 | D:1      | Found Leggi's Book Shop.
   266 | D:1      | Found Awnet's Distillery.
   333 | D:1      | Found Mitsiy's Weapon Shop.
   484 | D:1      | Reached XP level 3. HP: 17/18 MP: 4/4
   760 | D:3      | Found Xeraing's Assorted Antiques.
   992 | D:2      | Gained mutation: Your natural rate of healing is unusually
                  | fast. [Vine Stalker growth]
   992 | D:2      | Reached XP level 4. HP: 23/23 MP: 5/5
  1144 | D:3      | Reached skill level 4 in Axes
  1200 | D:3      | Reached XP level 5. HP: 19/28 MP: 6/6
  1460 | D:3      | Found Asmuonaf's Armour Shoppe.
  1541 | D:3      | Found Ygill's Book Shoppe.
  1692 | D:3      | Reached skill level 5 in Axes
  1692 | D:3      | Reached XP level 6. HP: 24/32 MP: 4/7
  1694 | D:3      | HP: 1/32 [poisoned by a gnoll]
  1694 | D:3      | Slain by a gnoll

Illustrated notes

Levels and vault maps discovered:
D:1:      saegor_arrival_simple_c, layout_loops_ring, serial_shops,
          nicolae_square_shop, shop, nicolae_shop_advertising_works
          [nicolae_subvault_shop_adworks], shop,
          hellmonk_ecumenical_altar_pennies_from_heaven
D:2:      layout_rooms
D:3:      layout_basic, serial_shops, nicolae_diamond_shop,
          nicolae_shop_hallway_stairs, shop, shop, nicolae_shop_trees,
          kennysheep_pointless_box, nicolae_grassy_gnolls, uniq_terence
D:4:      layout_cave_pools, minmay_temple_entry_poolview, kennysheep_potato

Skill      XL: |  1  2  3  4  5 |
---------------+----------------+-----
Fighting       | 2 3 |  3.3
Axes           | 3 4 5 |  5.0
Throwing       | |  1.7
Armour         | |  0.7
Dodging        | |  2.4

Action                     |  1- 3 |  4- 6 || total
---------------------------+-------+-------++-------
  Melee: War axe           |    87 |    88 ||   175
         Bite              |    22 |    21 ||    43
         Punch             |       |     1 ||     1
 Armour: Leather armour    |    27 |    49 ||    76
  Dodge: Dodged            |    65 |    70 ||   135

Table legend: (Time is in decaauts)
 A = Elapsed time spent in this place.
 B = Non-inter-level travel time spent in this place.
 C = Inter-level travel time spent in this place.
 D = Time resting spent in this place.
 E = Time spent auto-exploring this place.
 F = Levels seen in this place.
 G = Mean time per level.
                   A        B        C        D        E       F      G
               +--------+--------+--------+--------+--------+-----+--------+
         Total |   1752 |   1725 |     27 |     79 |    991 |   4 |  438.0 |
       Dungeon |   1752 |   1725 |     27 |     79 |    991 |   4 |  438.0 |
               +--------+--------+--------+--------+--------+-----+--------+

Top non-repeatable levels by time:
     D:1: 698 daAuts
     D:3: 532 daAuts
     D:2: 449 daAuts
     D:4: 71 daAuts
